 Dungeon Crawl Stone Soup version 0.16.1-4-g8e1b745 (webtiles) character file.

108001 siprus the Eclecticist (level 16, -4/81 HPs)
             Began as a Spriggan Enchanter on Mar 27, 2015.
             Was the Champion of Ashenzari.
             Hit by a large rock thrown by a stone giant (25 damage)
             ... on level 1 of the Depths on Mar 28, 2015.
             The game lasted 03:29:11 (27811 turns).

siprus the Eclecticist (Spriggan Enchanter)        Turns: 27811, Time: 03:29:11

Health: -4/81      AC:  7    Str:  5      XL:     16   Next: 1%
Magic:  3/40       EV: 34    Int: 21 (24) God:    Ashenzari [******]
Gold:   2919       SH:  9    Dex: 18      Spells: 4 memorised, 37 levels left

rFire  + + .     SeeInvis +     A - +7 dagger of Watchfulness {drain, Contam rElec rF+ Int+3} (curse)
rCold  + . .     Clarity  +     k - +2 robe {rC+ rF+} (curse)
rNeg   + . .     SustAb   .     Q - +0 buckler (curse)
rPois  .         Gourm    .     N - +1 hat (curse)
rElec  +         Spirit   .     v - +1 cloak {MR+} (curse)
rCorr  .         Warding  +     (gloves unavailable)
rMut   .         Stasis   .     (boots unavailable)
MR     ++++.                    B - amulet of warding (curse)
Stlth  +++++++++.               V - ring of protection from magic (curse)
                                e - ring of wizardry (curse)

@: very quick, incredibly resistant to hostile enchantments, incredibly stealthy
A: unfitting armour, see invisible, herbivore 3, speed 3, slow metabolism 2
a: Scrying, Transfer Knowledge, Renounce Religion


You were on level 1 of the Depths.
You worshipped Ashenzari.
Ashenzari was exalted by your worship.
You were not hungry.

You visited 7 branches of the dungeon, and saw 32 of its levels.
You also visited: Ossuary and Bailey.

You collected 3775 gold pieces.
You spent 856 gold pieces at shops.

Inventory:

Hand weapons
 y - a +0 rapier
 A - the cursed +7 dagger of Watchfulness (weapon) {drain, Contam rElec rF+ Int+3}
   (You bought it in a shop on level 1 of the Orcish Mines)

   A truly terrible weapon, it drains the life of those it strikes.
   It affects your intelligence (+3).
   It protects you from fire.
   It insulates you from electricity.
   It causes magical contamination when unequipped.
   It has a curse placed upon it.
Armour
 k - a cursed +2 robe of resistance (worn)
 v - a cursed +1 cloak of magic resistance (worn)
 J - a mottled dragon hide
 N - a cursed +1 hat (worn)
 Q - a cursed +0 buckler (worn)
Jewellery
 e - a cursed ring of wizardry (left hand)
 B - a cursed amulet of warding (around neck)
 D - an uncursed ring of positive energy
 T - an uncursed amulet of resist mutation
 V - a cursed ring of protection from magic (right hand)
Magical devices
 f - a wand of cold (0)
 j - a wand of invisibility (2)
 I - a wand of digging (9)
 M - a wand of fireball (4)
 S - a wand of hasting (3)
 Z - a wand of fire (2)
Scrolls
 g - 10 scrolls of amnesia
 h - 4 scrolls of enchant armour
 m - 3 scrolls of curse jewellery
 o - a scroll of identify
 q - 4 scrolls of enchant weapon
 t - 3 scrolls of teleportation
 u - 4 scrolls of fear
 w - 6 scrolls of recharging
 E - 6 scrolls of magic mapping
 G - a scroll of torment
 L - 3 scrolls of fog
 O - 5 scrolls of blinking
 R - a scroll of curse weapon
 Y - 4 scrolls of remove curse
Potions
 i - a potion of cure mutation
 l - 6 potions of curing
 n - 9 potions of brilliance
 p - 5 potions of heal wounds
 r - 4 potions of restore abilities
 s - a potion of invisibility
 z - 5 potions of cancellation
 C - 3 potions of berserk rage
 H - 4 potions of resistance
 K - a potion of might
 P - 3 potions of agility
 U - a potion of haste
 X - 2 potions of magic
Books
 b - a book of Death

   Spells                             Type                      Level
   a - Corpse Rot                     Necromancy                   2
   b - Sublimation of Blood           Necromancy                   2
   c - Agony                          Necromancy                   5
   d - Dispel Undead                  Necromancy                   5
   e - Excruciating Wounds            Charms/Necromancy            5
   f - Bolt of Draining               Conjuration/Necromancy       5
 c - a book of Maledictions

   Spells                             Type                      Level
   a - Corona                         Hexes                        1
   b - Sure Blade                     Hexes/Charms                 2
   c - Ensorcelled Hibernation        Hexes/Ice                    2
   d - Confuse                        Hexes                        3
   e - Dazzling Spray                 Conjuration/Hexes            3
   f - Enslavement                    Hexes                        4
 F - a book of the Dragon

   Spells                             Type                      Level
   a - Flight                         Charms/Air                   3
   b - Cause Fear                     Hexes                        4
   c - Bolt of Fire                   Conjuration/Fire             6
   d - Dragon Form                    Transmutation                7
   e - Dragon's Call                  Summoning                    9
Miscellaneous
 a - an ornate deck of defence {the Helm}
 x - a crystal ball of energy
Comestibles
 d - 19 bread rations
 W - 11 fruits


   Skills:
 + Level 8.1 Fighting
 + Level 11.6(15.8) Short Blades
 - Level 1.0 Armour
 + Level 14.7(18.7) Dodging
 + Level 15.7(19.6) Stealth
 - Level 5.9(9.0) Shields
 * Level 16.6 Spellcasting
 + Level 15.4(19.3) Hexes


You had 37 spell levels left.
You knew the following spells:

 Your Spells              Type           Power        Failure   Level  Hunger
a - Flight                Chrm/Air       ###.......   4%          3    None
b - Ensorcelled Hibernat  Hex/Ice        ######       1%          2    None
c - Confuse               Hex            #######.     0%          3    None
d - Dazzling Spray        Conj/Hex       ######..     1%          3    None


Dungeon Overview and Level Annotations

Branches:
Dungeon (15/15)            Temple (1/1) D:6            Lair (8/8) D:11
  Swamp (2/5) Lair:6        Snake (0/5) Lair:5        Slime (0/6) Lair:6
    Orc (4/4) D:10            Elf (1/3) Orc:3        Vaults (0/5) D:13
 Depths (1/5) D:15

Altars:
Ashenzari
Cheibriados
Dithmenos
Elyvilon
Fedhas
Gozag
Kikubaaqudgha
Makhleb
Nemelex Xobeh
Okawaru
Qazlal
Ru
Sif Muna
Trog
Vehumet
Xom
Yredelemnul
Zin
The Shining One
Beogh
Jiyva

Shops:
D:6 (   D:8 %   D:10 [   Orc:1 *(   Orc:3 !   Orc:4 *[=(

Annotations:
Depths:1 Norris


Innate Abilities, Weirdness & Mutations

You are tiny and cannot use many weapons and most armour.
You have supernaturally acute eyesight.
You are a herbivore.
You cover ground extremely quickly.
You need consume almost no food.


Message History

Norris blocks the spray of energy.
Norris misses you.
As you read the scroll of teleportation, it crumbles to dust.
You feel strangely unstable.
A deep troll comes into view.
Norris mumbles some strange prayers to his god against you.
Something smites you!
* * * LOW HITPOINT WARNING * * *
The deep troll moves out of view.
Unknown command.
Norris calls down the wrath of his god upon you.
You resist with almost no effort.
An iron troll comes into view.
Norris mumbles some strange prayers to his god.
Norris flickers and vanishes for a moment.
Your surroundings suddenly seem different.
A dire elephant and a stone giant come into view.
Unknown command.
The stone giant shouts!
The stone giant throws a large rock.
The large rock hits you!!
You die...

* , ,, , ,,,, ,, ,
, , ,,, **,* ,,
,,, ,,, , , ,* , ,
* * * * ,,,,, ,,,
,, *, *, , ,, , ,
, , **** * * , ,
,, , ,, * ##### **
, , ,, ** ##...#
** *,,,, ,,,** **
**#....#* ,# ,,,,,
*,
*,*#.##...@##..# ,
, *,,***,
#...........# **
**, , ++ ++* ,
##..Y........#*, *
* ** + +,*,
............... ,*
*, +++ ,
..##...#....C....#
* ,,+++ ,.
.....,#........###
* ,, + ,, ,
....##,*##........
* ,,++ , ... **
,,........ * ,,
,,, ##* *
..,#.....#**


You could see a dire elephant (wandering) and a stone giant.

Vanquished Creatures
  Rupert (D:15)
  An orc warlord (Orc:4)
  Gastronok (D:8)
  An ettin (Depths:1)
  Snorg (Lair:5)
  Fannar (D:12)
  A great orb of eyes (Depths:1)
  10 hydras
  Harold (Lair:2)
  6 vault guards (D:13)
  A catoblepas (Lair:6)
  A centaur warrior (D:13)
  2 ogre magi
  A tengu warrior (D:14)
  5 death yaks (Lair:8)
  A deep troll shaman (Depths:1)
  An orc high priest (Orc:4)
  Nergalle (D:11)
  6 skeletal warriors
  An unseen horror (D:12)
  2 swamp dragons (Swamp:1)
  5 hill giants
  A shambling mangrove (Swamp:2)
  Erolcha (Orc:1)
  Pikel (D:6)
  An unseen horror (shapeshifter) (D:15)
  4 wizards
  5 orc knights
  A necromancer (D:15)
  A manticore (D:13)
  2 deep elf conjurers
  An oklob plant (Lair:6)
  16 ugly things
  2 griffons
  3 black mambas
  3 orc sorcerers (Orc:4)
  The ghost of giann the Covert, an experienced SpEn of Dithmenos (D:7)
  4 elephants (Lair:7)
  A cyclops (D:13)
  Maurice (Orc:1)
  A naga mage (D:15)
  17 spiny frogs
  Psyche (D:10)
  3 gargoyles
  5 komodo dragons
  A redback zombie (D:15)
  4 two-headed ogres
  A fire drake (Lair:2)
  2 efreet
  3 polar bears
  5 slime creatures (Swamp:2)
  8 trolls
  4 giant leeches
  2 bog bodies (Swamp:1)
  3 ravens (D:14)
  A centaur simulacrum (D:15)
  A wyvern (D:8)
  23 blink frogs
  2 spriggans
  A trapdoor spider (D:14)
  2 basilisks
  2 shadows
  38 yaks
  A deep elf mage (D:9)
  Eustachio (D:10)
  5 humans (D:10)
  A mottled dragon (D:14)
  A wraith (D:13)
  3 nagas (Lair:5)
  2 hungry ghosts
  9 wolves
  11 swamp worms
  5 hippogriffs
  4 wargs
  Edmund (D:6)
  2 soldier ants
  A hornet simulacrum (D:15)
  9 porcupines
  23 vampire mosquitoes
  4 wasps
  11 water moccasins
  36 orc warriors
  10 ice beasts
  A phantom (D:7)
  2 swamp drakes (Swamp:1)
  2 sky beasts
  20 ogres
  3 black bears
  5 centaurs
  2 necrophages
  9 crocodiles
  Duvessa (D:6)
  3 big kobolds
  An elf zombie (Ossuary)
  Blork the orc (D:6)
  27 giant frogs
  9 killer bees
  2 wyvern skeletons
  3 scorpions
  3 jellies
  15 wights
  2 centaur zombies
  10 electric eels
  Dowan (D:6)
  A goliath beetle (D:8)
  7 crimson imps
  19 hounds
  A quasit (D:14)
  6 centaur skeletons
  3 giant frog skeletons
  24 orc priests
  4 iguanas
  35 orc wizards
  6 hell rats (Lair:7)
  6 worker ants
  7 sheep
  A big kobold zombie (Ossuary)
  A hound skeleton (D:11)
  6 mummies
  5 gnolls
  62 river rats
  2 worker ant zombies
  3 orc skeletons (Orc:4)
  A shadow imp (D:8)
  27 adders
  4 worms
  An adder skeleton (D:8)
  An adder zombie (Ossuary)
  5 giant geckos
  175 orcs
  4 giant cockroaches
  23 goblins
  17 hobgoblins
  11 jackals
  39 kobolds
  9 quokkas
  A ball python skeleton (D:4)
  21 bats
  5 giant newts
  4 giant spores
  3 goblin zombies (Ossuary)
  10 hobgoblin zombies (Ossuary)
  A jackal skeleton (D:7)
  3 jackal zombies (Ossuary)
  6 kobold zombies (Ossuary)
  11 orc zombies
  15 rats
  13 ballistomycetes
  7 bushes (Lair:6)
  2 plants
1110 creatures vanquished.

Vanquished Creatures (others)
  A kobold (Bailey)
  A ballistomycete (D:12)
  A fungus (Lair:8)
  A plant (Lair:8)
4 creatures vanquished.

Grand Total: 1114 creatures vanquished

Notes
Turn   | Place    | Note
--------------------------------------------------------------
     0 | D:1      | siprus, the Spriggan Enchanter, began the quest for the Orb.
     0 | D:1      | Reached XP level 1. HP: 9/9 MP: 4/4
   135 | D:1      | Reached XP level 2. HP: 13/13 MP: 7/7
   142 | D:1      | Learned a level 2 spell: Ensorcelled Hibernation
   738 | D:2      | Reached XP level 3. HP: 13/16 MP: 0/11
   740 | D:2      | Found a sacrificial altar of Ru.
   746 | D:2      | Learned a level 3 spell: Confuse
  1101 | D:2      | Reached XP level 4. HP: 18/21 MP: 3/13
  1257 | D:3      | Reached skill level 5 in Stealth
  1864 | D:4      | Reached XP level 5. HP: 21/24 MP: 10/17
  2150 | D:4      | Reached skill level 5 in Hexes
  2184 | D:4      | Noticed an ogre
  2197 | D:4      | Killed an ogre
  2240 | D:4      | Reached XP level 6. HP: 18/28 MP: 5/20
  2496 | D:4      | Learned a level 3 spell: Dazzling Spray
  2531 | D:5      | Entered Level 5 of the Dungeon
  2627 | D:5      | Found a sand-covered staircase.
  2637 | Ossuary  | Entered an ossuary
  2817 | Ossuary  | Reached skill level 6 in Stealth
  3021 | Ossuary  | Reached skill level 5 in Dodging
  3026 | Ossuary  | Reached skill level 5 in Spellcasting
  3047 | Ossuary  | Reached XP level 7. HP: 32/32 MP: 11/22
  3608 | D:5      | Reached skill level 7 in Hexes
  3622 | D:5      | Reached XP level 8. HP: 11/36 MP: 6/25
  4195 | D:6      | Found Sonuapny's Weapon Boutique.
  4296 | D:6      | Noticed Blork the orc
  4303 | D:6      | Killed Blork the orc
  4365 | D:6      | Noticed Duvessa
  4388 | D:6      | Killed Duvessa
  4388 | D:6      | Reached skill level 1 in Fighting
  4392 | D:6      | Noticed Dowan
  4401 | D:6      | Killed Dowan
  4476 | D:6      | Found a staircase to the Ecumenical Temple.
  4482 | Temple   | Entered the Ecumenical Temple
  4541 | Temple   | Became a worshipper of Ashenzari the Shackled
  4562 | D:6      | Noticed Edmund
  4565 | D:6      | Killed Edmund
  4565 | D:6      | Reached skill level 8 in Hexes
  4680 | D:6      | Noticed Pikel
  4693 | D:6      | Killed Pikel
  4693 | D:6      | Reached skill level 5 in Short Blades
  4693 | D:6      | Reached XP level 9. HP: 36/42 MP: 19/28
  5070 | D:7      | Noticed giann's ghost (experienced SpEn)
  5539 | D:7      | Reached skill level 9 in Hexes
  5822 | D:7      | Killed giann's ghost
  5942 | D:8      | Noticed Gastronok
  6444 | D:8      | Killed Gastronok
  6444 | D:8      | Reached skill level 10 in Hexes
  6444 | D:8      | Reached XP level 10. HP: 47/49 MP: 19/31
  6595 | D:8      | Found Mnuafruva's Food Shop.
  6866 | D:9      | Found a flagged portal.
  6874 | Bailey   | Entered a bailey
  6944 | Bailey   | Reached skill level 10 in Spellcasting
  7524 | D:9      | Acquired Ashenzari's first power
  7699 | D:9      | Reached skill level 10 in Stealth
  7928 | D:10     | Entered Level 10 of the Dungeon
  7944 | D:10     | Found a staircase to the Orcish Mines.
  7945 | D:10     | Found Kele's Armour Boutique.
  8003 | D:10     | Bought a +0 buckler for 58 gold pieces
  8022 | D:10     | Noticed Eustachio
  8038 | D:10     | Killed Eustachio
  8134 | D:10     | Noticed a purple ugly thing
  8144 | D:10     | Killed a purple ugly thing
  8225 | D:10     | Noticed Psyche
  8237 | D:10     | Reached XP level 11. HP: 53/53 MP: 25/32
  8267 | D:10     | Reached skill level 11 in Hexes
  8273 | D:10     | Killed Psyche
  8275 | D:10     | Reached skill level 1 in Shields
  8935 | D:11     | Noticed a hill giant
  8938 | D:11     | Killed a hill giant
  9009 | D:11     | Noticed Nergalle
  9023 | D:11     | Killed Nergalle
  9178 | D:11     | Found a staircase to the Lair.
  9227 | D:11     | Noticed a four-headed hydra
  9258 | D:11     | Killed a four-headed hydra
  9258 | D:11     | Reached skill level 10 in Dodging
  9637 | D:11     | Noticed a hill giant
  9650 | D:11     | Killed a hill giant
  9650 | D:11     | Reached skill level 12 in Hexes
  9823 | Lair:1   | Entered Level 1 of the Lair of Beasts
 10158 | Lair:1   | Acquired Ashenzari's second power
 10713 | Lair:2   | Reached XP level 12. HP: 59/59 MP: 31/34
 10840 | Lair:2   | Noticed Harold
 10860 | Lair:2   | Killed Harold
 10985 | Lair:2   | Acquired Ashenzari's third power
 10994 | Lair:2   | Reached skill level 5 in Fighting
 11116 | Lair:2   | Noticed an eight-headed hydra
 11174 | Lair:2   | Killed an eight-headed hydra
 11836 | Lair:3   | Noticed a seven-headed hydra
 11872 | Lair:3   | Killed a seven-headed hydra
 12183 | Lair:4   | Reached skill level 13 in Hexes
 12225 | Lair:4   | Noticed a six-headed hydra
 12245 | Lair:4   | Killed a six-headed hydra
 12452 | Lair:4   | Acquired Ashenzari's fourth power
 12759 | Lair:4   | Reached XP level 13. HP: 43/64 MP: 1/36
 12975 | Lair:5   | Identified the +10 spear "Thraenuarch" {pierce, rElec rF+}
 13034 | Lair:5   | Noticed Snorg
 13050 | Lair:5   | Killed Snorg
 13349 | Lair:5   | Found a staircase to the Snake Pit.
 13448 | Lair:6   | Found a viscous altar of Jiyva.
 13451 | Lair:6   | Found a staircase to the Slime Pits.
 13506 | Lair:6   | Learned a level 3 spell: Flight
 13519 | Lair:6   | Found a staircase to the Swamp.
 13775 | Lair:6   | Identified the +6 chain mail of Space {rF+ rC+ Regen+ rCorr MP+9}
 15314 | Lair:8   | Entered Level 8 of the Lair of Beasts
 15323 | Lair:7   | Reached skill level 14 in Spellcasting
 15806 | Lair:8   | Reached XP level 14. HP: 70/70 MP: 28/38
 16204 | Lair:8   | Reached skill level 10 in Short Blades
 17398 | D:12     | Noticed Fannar
 18321 | D:12     | Killed Fannar
 18406 | D:12     | Reached skill level 5 in Shields
 18846 | D:13     | Found a gate to the Vaults.
 19090 | D:13     | Reached skill level 15 in Spellcasting
 20191 | D:15     | Entered Level 15 of the Dungeon
 20314 | D:15     | Reached XP level 15. HP: 42/75 MP: 20/39
 20556 | D:15     | Noticed Rupert
 20564 | D:15     | Killed Rupert
 20645 | D:15     | Reached skill level 1 in Armour
 20988 | D:15     | Found a staircase to the Depths.
 21342 | D:15     | Reached skill level 15 in Stealth
 21515 | Orc:1    | Entered Level 1 of the Orcish Mines
 21527 | Orc:1    | Found Qompu's General Store.
 21566 | Orc:1    | Noticed Erolcha
 21575 | Orc:1    | Killed Erolcha
 21863 | Orc:3    | Found Ogrurch Buwk's Distillery.
 21898 | Orc:3    | Bought a potion of mutation for 37 gold pieces
 22073 | Orc:3    | Found a staircase to the Elven Halls.
 22162 | Orc:4    | Entered Level 4 of the Orcish Mines
 22675 | Orc:4    | Found a roughly hewn altar of Beogh.
 22679 | Orc:4    | Found Ijecie's Jewellery Emporium.
 23102 | Orc:4    | Reached skill level 15 in Hexes
 23335 | Orc:4    | Reached skill level 16 in Spellcasting
 23518 | Orc:4    | Found Gesmo's General Store.
 23561 | Orc:4    | Found Stalib's Antique Weapon Emporium.
 23576 | Orc:4    | Found Staud's Antique Armour Emporium.
 23615 | Orc:4    | Bought an uncursed amulet of resist mutation for 600 gold pieces
 24210 | Elf:1    | Entered Level 1 of the Elven Halls
 24591 | Orc:2    | Found a radiant altar of Vehumet.
 25082 | Orc:1    | Found Prolym's Antique Weapon Boutique.
 25091 | Orc:1    | Bought a translucent dagger for 161 gold pieces
 25091 | Orc:1    | Identified the +7 dagger of Watchfulness {drain, Contam rElec rF+ Int+3} (You bought it in a shop on level 1 of the Orcish Mines)
 25234 | Orc:1    | Noticed Maurice
 25239 | Orc:1    | Killed Maurice
 25650 | Swamp:1  | Entered Level 1 of the Swamp
 26499 | Swamp:2  | Noticed a thorn hunter
 27477 | Depths:1 | Entered Level 1 of the Depths
 27525 | Depths:1 | Noticed Norris
 27741 | Depths:1 | Reached XP level 16. HP: 81/81 MP: 26/40
 27811 | Depths:1 | Hit by a large rock thrown by a stone giant

Action                   |  1- 3 |  4- 6 |  7- 9 | 10-12 | 13-15 | 16-18 || total
-------------------------+-------+-------+-------+-------+-------+-------++-------
Melee: Dagger            |    95 |   213 |   301 |   570 |  1600 |    16 ||  2795
 Cast: Ensorcelled Hiber |    20 |    35 |    78 |   218 |   368 |       ||   719
       Confuse           |       |    21 |    38 |    45 |   212 |       ||   316
       Dazzling Spray    |       |       |     7 |     6 |    96 |    13 ||   122
       Flight            |       |       |       |       |     9 |       ||     9
Evoke: Wand              |       |     1 |     4 |     9 |    30 |     1 ||    45
  Use: Scroll            |       |     5 |    12 |    19 |    28 |     2 ||    66
       Potion            |       |       |     1 |     2 |     3 |     1 ||     7
 Stab: Sleeping          |    21 |    34 |    61 |   186 |   338 |       ||   640
       Confused          |       |    11 |    18 |    29 |   127 |       ||   185
       Invisible         |       |     8 |     3 |     9 |    28 |       ||    48
       Distracted        |       |       |     1 |     5 |    11 |       ||    17
  Eat: Pizza             |       |     3 |       |     1 |     3 |       ||     7
       Bread ration      |       |       |     1 |     1 |       |       ||     2
       Royal jelly       |       |       |       |       |     2 |       ||     2
       Fruit             |       |       |       |       |     8 |       ||     8
